Map: Blueshift LE

Players

ƎDǃBee

  • Race: Zerg Zerg
  • League: Grandmaster
  • Spawn Location: 1:00

IIIIIIIIIII - Winner!

  • Race: Zerg Zerg
  • Spawn Location: 7:00

VOD

Have the link to the VOD?

Description

Time

  • Played on: Jan. 17, 2019, 6:03 a.m.
  • Length: 7:14
Show
View Real Time Build Order
Export as new Build Order

ƎDǃBee Zerg 

Build Orders: Pool First 

Get SALT Encoding   

  12  0:02  Drone  
  13  0:13  Overlord  
  13  0:17  Drone  
  14  0:31  Drone x2  
  14  0:35  Drone  
  17  0:44  Spawning Pool  
  17  0:47  Drone  
  17  1:07  Hatchery  
  17  1:08  Extractor  
  15  1:13  Drone  
  15  1:16  Drone  
  17  1:19  Drone  
  18  1:31  Queen  
  18  1:32  Zergling x2  
  21  1:39  Drone  
  22  1:51  Overlord  
  22  2:08  Metabolic Boost  
  22  2:09  Queen  
  22  2:10  Drone  
  22  2:12  Drone  
  26  2:21  Drone  
  26  2:22  Drone  
  28  2:31  Drone  
  29  2:38  Drone x4, Baneling Nest  
  29  2:44  Overlord  
  32  2:56  Hatchery  
  31  2:59  Zergling x2  
  31  3:01  Zergling x2  
  31  3:05  Zergling x2  
  34  3:09  Zergling x2  
  34  3:11  Drone x2  
  37  3:17  Queen  
  39  3:21  Drone  
  39  3:24  Baneling x2  
  40  3:29  Lair  
  40  3:32  Extractor x2  
  38  3:34  Baneling  
  38  3:37  Drone x2  
  38  3:49  Zergling x12  
  44  3:59  Overlord  
  44  4:03  Overlord  
  44  4:08  Drone x3  
  44  4:09  Drone  
  48  4:14  Drone x2  
  50  4:19  Drone x2  
  46  4:42  Drone x4  
  46  4:43  Zergling x10  
  53  4:47  Spire  
  51  4:53  Zergling x6  
  51  4:58  Zergling x6  
  57  5:01  Baneling x2  
  55  5:07  Baneling x2  
  55  5:09  Zergling x6  
  58  5:15  Baneling  
  58  5:18  Drone  
  58  5:19  Drone x4  
  61  5:22  Extractor  
  61  5:25  Queen  
  61  5:29  Overlord  
  61  5:44  Drone x2  
  61  5:45  Overlord  
  61  5:46  Overlord  
  61  5:47  Drone x4  
  61  5:48  Drone  
  68  5:56  Baneling x3  
  68  5:57  Baneling  
  68  5:58  Baneling  
  68  6:00  Mutalisk x2  
  72  6:04  Mutalisk x2  
  75  6:11  Mutalisk x2  
  75  6:17  Mutalisk x2  
  73  6:25  Zergling x12  
  74  6:39  Drone x4  
  47  6:54  Zergling x2  
  47  6:55  Zergling x2  
Show
View Real Time Build Order
Export as new Build Order

IIIIIIIIIII Zerg - Winner!

Build Orders: Hatch First 

Get SALT Encoding   

  12  0:01  Drone  
  13  0:13  Overlord  
  13  0:18  Drone  
  14  0:32  Drone x2  
  16  0:47  Hatchery  
  15  0:51  Drone  
  15  0:54  Drone  
  17  0:57  Drone  
  18  1:07  Extractor  
  17  1:12  Spawning Pool  
  17  1:15  Drone  
  17  1:19  Drone  
  18  1:29  Drone  
  19  1:40  Drone  
  20  1:53  Drone  
  21  1:59  Queen x2  
  21  2:00  Zergling x2  
  21  2:01  Overlord  
  26  2:11  Metabolic Boost  
  26  2:12  Drone x2  
  28  2:20  Drone  
  30  2:22  Drone  
  30  2:31  Baneling Nest  
  30  2:33  Drone  
  30  2:36  Drone  
  31  2:44  Hatchery  
  31  2:48  Drone  
  31  2:51  Overlord  
  31  2:55  Zergling x2  
  31  2:57  Drone  
  33  3:05  Drone  
  33  3:06  Drone  
  33  3:10  Zergling x4  
  33  3:12  Zergling x2  
  38  3:14  Drone x2  
  38  3:19  Baneling x2  
  40  3:22  Drone, Overlord  
  40  3:26  Drone  
  42  3:33  Baneling x2, Zergling x4  
  44  3:40  Queen  
  46  3:46  Drone x6  
  51  3:49  Drone  
  51  3:52  Evolution Chamber  
  51  3:58  Drone x2  
  51  4:00  Extractor  
  51  4:01  Extractor  
  51  4:02  Overlord  
  51  4:07  Drone x2  
  53  4:13  Baneling x2  
  53  4:15  Zergling x10  
  56  4:25  Zergling x10  
  59  4:34  Zergling x4  
  59  4:44  Zerg Missile Weapons Level 1  
  59  4:47  Roach Warren, Zergling x12  
  59  4:52  Drone x2, Overlord  
  65  4:57  Overlord  
  60  5:25  Overlord  
  60  5:27  Roach x5  
  60  5:28  Roach x6  
  80  5:32  Overlord  
  80  5:35  Overlord  
  80  5:48  Zergling x12  
  86  5:53  Baneling x11  
  86  5:55  Zergling x6  
  89  5:59  Zergling x4  
  89  6:04  Baneling x3  
  91  6:10  Zergling x10  
  91  6:11  Zergling x2  
  94  6:15  Overlord  
  94  6:18  Zergling x2  
  90  6:25  Zergling x2  
  90  6:26  Zergling x12  
  90  6:28  Ravager  
  95  6:35  Zergling x2  
  95  6:36  Zergling x8  
  98  6:41  Zergling x6  
  98  6:44  Baneling x2  
  97  6:49  Zergling x8  
  97  6:54  Zergling x2  
Tags
 
Add a new tag
Caveats
  • Supply blocks, unpowered buildings, or Contaminate may cause inaccurate times.
  • Supply counts are checked every 10 seconds.